 Dungeon Crawl Stone Soup version 0.25-a0-1130-g3926558f3a (webtiles) character file.

Game seed: 14871278670857079144, levelgen mode: deterministic

17220 kae the Impaler (level 12, -1/102 HPs)
             Began as a Merfolk Ice Elementalist on May 19, 2020.
             Was a High Priest of Makhleb.
             Slain by a tyrant leech (23 damage)
             ... on level 2 of the Lair of Beasts.
             The game lasted 00:22:23 (18187 turns).

kae the Impaler (Merfolk Ice Elementalist)         Turns: 18187, Time: 00:22:24

Health: -1/102     AC: 25    Str: 18    XL:     12   Next: 45%
Magic:  21/21      EV: 16    Int: 15    God:    Makhleb [*****.]
Gold:   631        SH:  5    Dex: 23    Spells: 12/23 levels left

rFire    + . .     SeeInvis .   E - +3 glaive (protect)
rCold    . . .     Gourm    .   (shield currently unavailable)
rNeg     . . .     Faith    .   x - +1 robe {rF+}
rPois    +         Spirit   .   N - +2 helmet
rElec    +         Reflect  +   d - +1 cloak
rCorr    .         Harm     .   o - +0 pair of gloves of Jecoplos {rElec Dex+2} (curse)
MR       .....                  Q - +2 pair of boots {run}
Stlth    +++.......             q - amulet of reflection
HPRegen  0.27/turn              g - +6 ring of strength
MPRegen  0.17/turn              f - +6 ring of dexterity

@: icy armour, protection aura, quick
A: change form in water, swift swim, stealthy swim, repulsion field 1, poison
resistance
a: Minor Destruction, Lesser Servant of Makhleb, Major Destruction, Greater
Servant of Makhleb, Renounce Religion


You were on level 2 of the Lair of Beasts.
You worshipped Makhleb.
Makhleb was extremely pleased with you.
You were very hungry.

You visited 3 branches of the dungeon, and saw 14 of its levels.
You also visited: Ossuary and Bailey.

You collected 1618 gold pieces.
You spent 987 gold pieces at shops.

Inventory:

Hand Weapons
 b - a +0 whip
 i - a +2 halberd
 l - a +0 scythe
 E - a +3 glaive of protection (weapon)
Armour
 d - a +1 cloak (worn)
 o - the cursed +0 pair of gloves of Jecoplos (worn) {rElec Dex+2}
   (You found it in a bailey)

   It affects your dexterity (+2).
   It insulates you from electricity.
   It has a curse placed upon it.
 x - a +1 robe of fire resistance (worn)
 C - a scarf of harm
 G - a scarf of invisibility
 N - a +2 helmet (worn)
 P - a +0 hat of magic resistance
 Q - a +2 pair of boots of running (worn)
Jewellery
 f - a +6 ring of dexterity (right hand)
 g - a +6 ring of strength (left hand)
 q - an amulet of reflection (around neck)
 v - an uncursed ring of positive energy
 O - an uncursed ring of flight
Wands
 a - a wand of disintegration (16)
 j - a wand of flame (32)
 r - a wand of clouds (5)
 s - a wand of enslavement (9)
 y - a wand of random effects (11)
Scrolls
 h - 5 scrolls of remove curse
 m - 2 scrolls of fog
 p - 10 scrolls of teleportation
 w - 2 scrolls of amnesia
 J - 3 scrolls of identify
 L - 3 scrolls of immolation
 M - a scroll of enchant armour
 R - a scroll of magic mapping
Potions
 e - a potion of stabbing
 k - 3 potions of haste
 n - 3 potions of mutation
 t - a potion of berserk rage
 u - 4 potions of invisibility
 z - 2 potions of flight
 A - 5 potions of curing
 B - 2 potions of magic
 D - a potion of might
 F - 2 potions of brilliance
 H - 3 potions of ambrosia
 I - a potion of resistance {unknown}
 K - 3 potions of lignification
Comestibles
 c - 12 rations


   Skills:
 + Level 11.9 Fighting
 + Level 16.2 Polearms
 - Level 2.6 Dodging
 - Level 2.1 Stealth
 - Level 6.4 Spellcasting
 - Level 11.1 Ice Magic


You had 12 spell levels left.
You knew the following spells:

 Your Spells              Type           Power        Failure   Level  Hunger
a - Freeze                Ice            ####         1%          1    None
b - Frozen Ramparts       Ice            #####.       1%          3    ##.....
c - Ozocubu's Armour      Chrm/Ice       ###.....     4%          3    ##.....
d - Hailstorm             Conj/Ice       ###.....     14%         4    ####...

Your spell library contained the following spells:

 Spells                   Type           Power        Failure   Level  Hunger
 Animate Skeleton         Necr           N/A          14%         1    None
 Apportation              Tloc           #.....       14%         1    None
 Corona                   Hex            #......      14%         1    None
 Magic Dart               Conj           #...         14%         1    None
 Summon Small Mammal      Summ           #...         14%         1    None
 Summon Ice Beast         Ice/Summ       ###.....     14%         4    ####...
 Blink                    Tloc           N/A          22%         2    #......
 Call Imp                 Summ           #.......     22%         2    #......
 Slow                     Hex            #.......     22%         2    #......
 Conjure Flame            Conj/Fire      #.......     38%         3    ##.....
 Mephitic Cloud           Conj/Pois/Air  #.......     38%         3    ##.....


Dungeon Overview and Level Annotations

Branches:
Dungeon (11/15)            Temple (1/1) D:4            Lair (2/6) D:11
  Swamp (0/4) Lair:2          Orc (0/2) D:10        Ossuary (visited)
 Bailey (visited)
  Snake: Lair:2-4    Spider: Lair:2-4

Altars:
Ashenzari
Cheibriados
Dithmenos
Elyvilon
Fedhas
Gozag
Hepliaklqana
Kikubaaqudgha
Makhleb
Nemelex Xobeh
Okawaru
Qazlal
Ru
Sif Muna
Trog
Uskayaw
Vehumet
Wu Jian
Xom
Yredelemnul
Zin
The Shining One

Shops:
D:5 [   D:8 *   D:10 =?:=

Annotations:
D:2 1 runed translucent door, Crazy Yiuf
D:4 1 runed translucent door, Flugslaktarn's ghost, amateur VSFi
D:7 Harold


Innate Abilities, Weirdness & Mutations

You revert to your normal form in water.
You are very nimble and swift while swimming.
You are very stealthy in the water. (Stealth+)
You are surrounded by a mild repulsion field. (EV +2)
Your system is resistant to poisons. (rPois)


Message History

The tyrant leech misses you.
You slash the tyrant leech!
The tyrant leech is moderately wounded.
You block the tyrant leech's attack.
You slash the tyrant leech!
The tyrant leech is heavily wounded.
You slash the tyrant leech!
The tyrant leech is severely wounded.
The tyrant leech bites you!
* * * LOW HITPOINT WARNING * * *
The tyrant leech draws strength from your injuries!
You slice the tyrant leech!!
The tyrant leech is almost dead.
The tyrant leech bites you!
* * * LOW HITPOINT WARNING * * *
The tyrant leech draws strength from your injuries!
You slash the tyrant leech!
The tyrant leech is almost dead.
The tyrant leech bites you!!
You die...

## ## #.##### #.##...#.#
##........##
#...........###
..............# ..
..............##..#
..............$.#
..........♣♣@♣♣.# #
##......♣♣♣§w♣
..###.##....♣ §§§§♣
......#....♣≈§§§§♣♣#
#.......#♣♣♣§§§♣♣.##
.###...## ♣♣♣§♣♣..#
##.#...## ♣♣...##
#.......##### #P...####
#.........#.###♣##.....P#


You could see a tyrant leech.

Vanquished Creatures
  Gastronok (D:9)
  A two-headed ogre (D:11)
  An unseen horror (D:11)
  A manticore (D:10)
  A cyclops (D:11)
  Maurice (D:9)
  A black mamba (Lair:2)
  2 spiny frogs (Lair:1)
  A komodo dragon (Lair:1)
  A tyrant leech (Lair:2)
  3 hippogriffs
  Sigmund (D:2)
  A spriggan (D:9)
  12 yaks
  A basilisk (Lair:1)
  A hungry ghost (D:7)
  A warg (D:10)
  4 water moccasins
  5 porcupines
  2 ice beasts
  A black bear (D:10)
  A necrophage (D:8)
  9 orc warriors
  2 phantoms
  3 sky beasts
  5 wolves (Lair:1)
  6 ogres
  6 centaurs
  3 crocodiles
  Blork the orc (D:4)
  6 bullfrogs
  A wyvern skeleton (D:6)
  A water moccasin skeleton (D:7)
  7 scorpions
  12 killer bees
  5 wights
  An electric eel (Lair:1)
  A howler monkey (D:9)
  2 crimson imps
  2 hounds (D:9)
  4 orc priests
  2 bullfrog zombies
  4 jellies
  2 centaur skeletons
  6 centaur zombies
  2 human zombies (Ossuary)
  17 orc wizards
  2 iguanas
  10 worker ants
  A big kobold zombie (Ossuary)
  4 mummies
  A worker ant zombie (D:5)
  4 gnolls (D:2)
  2 howler monkey skeletons
  18 adders
  4 shadow imps
  An adder skeleton (D:6)
  3 worms
  2 dart slugs (D:3)
  5 leopard geckos
  44 orcs
  5 bats
  8 giant cockroaches
  2 gnoll zombies (Ossuary)
  17 goblins
  11 hobgoblins
  8 jackals
  18 kobolds
  7 quokkas
  5 ball pythons
  13 frilled lizards
  A hobgoblin zombie (Ossuary)
  A jackal skeleton (D:5)
  A kobold zombie (Ossuary)
  A leopard gecko skeleton (D:5)
  An orc zombie (Ossuary)
  4 rats
  A fungus (Lair:1)
359 creatures vanquished.

Vanquished Creatures (others)
  A plant (Lair:2)
1 creature vanquished.

Grand Total: 360 creatures vanquished

Notes
Turn   | Place    | Note
-------+----------+-------------------------------------------
     0 | D:1      | kae the Merfolk Ice Elementalist began the quest for the
                  | Orb.
     0 | D:1      | Reached XP level 1. HP: 13/13 MP: 3/3
   373 | D:1      | Reached XP level 2. HP: 18/19 MP: 3/5
   748 | D:1      | Reached skill level 5 in Ice Magic
   821 | D:1      | Reached XP level 3. HP: 23/24 MP: 1/6
  1279 | D:2      | Found an ornate altar of the Wu Jian Council.
  1410 | D:2      | Reached XP level 4. HP: 30/30 MP: 3/8
  1856 | D:2      | Noticed Sigmund
  1866 | D:2      | Killed Sigmund
  1866 | D:2      | Reached skill level 2 in Polearms
  1866 | D:2      | Reached XP level 5. HP: 16/35 MP: 1/10
  1866 | D:2      | Reached XP level 6. HP: 18/41 MP: 1/11
  2130 | D:2      | Reached skill level 3 in Polearms
  2359 | D:2      | Found a shimmering altar of Xom.
  2556 | D:2      | Found a runed translucent door.
  2557 | D:2      | Noticed Crazy Yiuf
  4182 | D:4      | Found a runed translucent door.
  4183 | D:4      | Noticed Flugslaktarn's ghost (amateur VSFi)
  4300 | D:4      | Reached skill level 4 in Polearms
  4300 | D:4      | Reached XP level 7. HP: 36/46 MP: 4/12
  4564 | D:4      | Learned a level 3 spell: Frozen Ramparts
  4592 | D:4      | Noticed Blork the orc
  4603 | D:4      | Killed Blork the orc
  4710 | D:4      | Found a staircase to the Ecumenical Temple.
  4822 | D:4      | Found a hazy altar of Hepliaklqana.
  4902 | Temple   | Entered the Ecumenical Temple
  5463 | Temple   | Became a worshipper of Makhleb the Destroyer
  5502 | D:5      | Entered Level 5 of the Dungeon
  5895 | D:5      | Found Itadihia's Armour Shoppe.
  6155 | D:5      | Reached skill level 5 in Polearms
  6217 | D:5      | Learned a level 3 spell: Ozocubu's Armour
  6340 | D:5      | Reached XP level 8. HP: 41/52 MP: 8/14
  7089 | D:6      | Reached skill level 6 in Polearms
  7259 | D:6      | Found a sand-covered staircase.
  7276 | D:6      | Reached skill level 5 in Spellcasting
  7297 | Ossuary  | Entered an ossuary
  8558 | D:6      | Found a glowing silver altar of Zin.
  8588 | D:6      | Reached * piety under Makhleb
  8588 | D:6      | Reached skill level 7 in Polearms
  8660 | D:6      | Found an opulent altar of Gozag.
  8851 | D:6      | Reached XP level 9. HP: 26/57 MP: 11/17
  9304 | D:6      | Reached skill level 10 in Ice Magic
  9642 | D:7      | Found a shattered altar of Ashenzari.
  9642 | D:7      | Found a blossoming altar of Fedhas.
  9951 | D:7      | Noticed Harold
 10165 | D:7      | Reached skill level 8 in Polearms
 10172 | D:7      | Found a sacrificial altar of Ru.
 10198 | D:7      | Found a basalt altar of Yredelemnul.
 10408 | D:7      | Found an ancient bone altar of Kikubaaqudgha.
 10408 | D:7      | Found an iron altar of Okawaru.
 10640 | D:8      | Found a flagged portal.
 10696 | D:8      | Learned a level 4 spell: Hailstorm
 10697 | Bailey   | Entered a bailey
 10713 | Bailey   | Reached ** piety under Makhleb
 10973 | Bailey   | Found a burning altar of Makhleb.
 10980 | Bailey   | Got a pair of translucent gloves
 11007 | Bailey   | Identified the cursed +0 pair of gloves of Jecoplos {rElec
                  | Dex+2} (You found it in a bailey)
 11076 | D:8      | Reached skill level 9 in Polearms
 11294 | D:8      | Reached skill level 10 in Polearms
 11354 | D:8      | Reached XP level 10. HP: 63/63 MP: 17/19
 11735 | D:8      | Reached skill level 11 in Polearms
 12265 | D:8      | Found Yfylast's General Store.
 12407 | D:9      | Noticed Gastronok
 12714 | D:9      | Reached skill level 12 in Polearms
 12789 | D:9      | Reached *** piety under Makhleb
 12946 | D:9      | Noticed Maurice
 12950 | D:9      | Gained mutation: Your system is resistant to poisons.
                  | (rPois) [potion of mutation]
 12950 | D:9      | Gained mutation: You are surrounded by a mild repulsion
                  | field. (EV +2) [potion of mutation]
 12964 | D:9      | Killed Maurice
 12964 | D:9      | Reached skill level 13 in Polearms
 13668 | D:9      | Reached skill level 14 in Polearms
 13788 | D:10     | Entered Level 10 of the Dungeon
 13839 | D:10     | Noticed a manticore
 13854 | D:10     | HP: 3/63 [manticore (12)]
 13855 | D:10     | Killed a manticore
 14111 | D:10     | Reached skill level 15 in Polearms
 14155 | D:10     | Found a staircase to the Orcish Mines.
 14188 | D:10     | Reached XP level 11. HP: 67/68 MP: 13/20
 14244 | D:10     | Found Qenaurhidd's Book Shop.
 14330 | D:10     | Reached skill level 16 in Polearms
 14330 | D:10     | Reached skill level 1 in Fighting
 14370 | D:10     | Found Ybozan's Magic Scroll Boutique.
 14509 | D:10     | Found Esmopp's Jewellery Shoppe.
 14526 | D:10     | Reached **** piety under Makhleb
 14756 | D:10     | Found Xauffybe's Jewellery Shoppe.
 14856 | D:10     | Bought a scroll of acquirement for 572 gold pieces
 14916 | D:9      | Killed Gastronok
 14916 | D:9      | Reached skill level 5 in Fighting
 14992 | D:5      | Bought a +2 pair of boots of running for 415 gold pieces
 15302 | D:11     | Noticed a two-headed ogre
 15320 | D:11     | Noticed a cyclops
 15326 | D:11     | Killed a cyclops
 15724 | D:11     | Found a burning altar of Makhleb.
 15999 | D:11     | Found a staircase to the Lair.
 16097 | D:11     | Killed an unseen horror
 16493 | D:11     | Killed a two-headed ogre
 16784 | Lair:1   | Entered Level 1 of the Lair of Beasts
 16826 | Lair:1   | Reached XP level 12. HP: 97/97 MP: 15/21
 16906 | Lair:1   | Reached skill level 10 in Fighting
 17386 | Lair:1   | Reached ***** piety under Makhleb
 18161 | Lair:2   | Found a staircase to the Swamp.
 18187 | Lair:2   | Slain by a tyrant leech

Illustrated notes

Levels and vault maps discovered:
D:1:      dpeg_arrival_circle_labyrinth_a, layout_basic
D:2:      layout_loops_ring, old_standard_altar, lemuel_coloured_pillars_altar,
          uniq_sigmund, uniq_crazy_yiuf_cottage
D:3:      layout_basic
D:4:      layout_loops_ring, kennysheep_mini_moat, minmay_temple_entry_hall,
          gammafunk_ghost_grave, uniq_blork_the_orc
D:5:      layout_basic, first_ration, serial_shops, nicolae_shop_trees
D:6:      layout_basic, kennysheep_little_box, marbit_many_paths,
          gup_ossuary_entry_pyramid
D:7:      layout_rooms, amethyst_overflow_temple_binary,
          nicolae_ru_sacrificial_ziggurat, lemuel_crystal_altar,
          grunt_temple_overflow_open, uniq_harold
D:8:      layout_cave_pods, enter_bailey_3, serial_shops, nicolae_shop_trees
D:9:      layout_loops_ring, minivault_19, the_bakery, uniq_maurice,
          uniq_gastronok
D:10:     layout_basic, erik_orc_4, serial_shops, shop, shop_fountains,
          nicolae_shop_competitors_out_of_business, shop
D:11:     layout_loops_ring, lair_entry_dummy, serial_glass, glass_columns_b,
          glass_columns_a, bloody_makhleb
Temple:   chequers_temple_sunken
Lair:1:   layout_regular_city, infiniplex_staircase_pool, grunt_megastairs_4
Lair:2:   layout_cave_pods, minmay_swamp_entry_worms, minmay_stone_trees_small,
          chequers_serial_rivers_room_b, eino_house_with_fridge

Skill      XL: |  1  2  3  4  5  6  7  8  9 10 11 12 |
---------------+-------------------------------------+-----
Ice Magic      | 5 6 7 8 9 11 | 11.1
Polearms       | 2 4 5 7 10 15 16 | 16.2
Spellcasting   | 3 4 5 6 |  6.4
Fighting       | 9 11 | 11.9
Dodging        | |  2.6
Stealth        | |  2.1

Action                   |  1- 3 |  4- 6 |  7- 9 | 10-12 || total
-------------------------+-------+-------+-------+-------++-------
Melee: Unarmed           |     9 |       |       |       ||     9
       Whip              |     7 |       |       |       ||     7
       Halberd           |     1 |    56 |   225 |   464 ||   746
       Glaive            |       |       |       |    43 ||    43
       Tailslap          |       |       |       |     6 ||     6
 Cast: Freeze            |    43 |    66 |   106 |    18 ||   233
       Frozen Ramparts   |       |       |    16 |    34 ||    50
       Ozocubu's Armour  |       |       |     6 |    26 ||    32
  Use: Scroll            |     3 |     2 |    21 |    12 ||    38
       Potion            |       |       |       |     4 ||     4
 Stab: Sleeping          |     2 |    10 |    19 |    10 ||    41
       Distracted        |       |     3 |     1 |     2 ||     6
  Eat: Chunk             |     2 |     9 |    20 |    13 ||    44
       Ration            |       |       |     2 |     3 ||     5
Armor: Robe              |    12 |    10 |    31 |    82 ||   135
       Skin              |       |       |       |     2 ||     2
Dodge: Dodged            |    25 |    36 |   136 |   221 ||   418
Block: Other             |       |     2 |    51 |    72 ||   125
       Reflection        |       |       |     3 |     3 ||     6

Table legend:
 A = Non-vault XP
 B = Vault XP
 C = Vault XP percentage of total XP
 D = Non-vault monster count
 E = Vault monster count
 F = Vault count percentage of total count
                 A         B        C        D         E       F
            +---------+---------+-------+---------+---------+-------
      Total |   19387 |    5214 |  21.2 |     302 |      56 |  15.6
            +---------+---------+-------+---------+---------+-------
        D:1 |      39 |       0 |   0.0 |      24 |       0 |   0.0
        D:2 |     132 |     238 |  64.3 |      28 |       1 |   3.4
        D:3 |      94 |       0 |   0.0 |      27 |       0 |   0.0
        D:4 |     156 |      96 |  38.1 |      11 |       1 |   8.3
        D:5 |     748 |       0 |   0.0 |      19 |       0 |   0.0
        D:6 |     845 |      26 |   3.0 |      17 |       2 |  10.5
        D:7 |     856 |       0 |   0.0 |      22 |       0 |   0.0
        D:8 |    1510 |       7 |   0.5 |      33 |       4 |  10.8
        D:9 |    1621 |    3062 |  65.4 |      30 |       3 |   9.1
       D:10 |    2678 |     487 |  15.4 |      29 |      15 |  34.1
       D:11 |    4972 |       0 |   0.0 |      31 |       0 |   0.0
     Lair:1 |    4805 |     300 |   5.9 |      26 |       2 |   7.1
     Lair:2 |     931 |     283 |  23.3 |       5 |       1 |  16.7
    Ossuary |       0 |     167 | 100.0 |       0 |      11 | 100.0
     Bailey |       0 |     548 | 100.0 |       0 |      16 | 100.0
            +---------+---------+-------+---------+---------+-------
